 Dungeon Crawl Stone Soup version 0.31.0-32-g396128a36d (webtiles) character file.

Game seed: 1723079630372666485

62 cdecastro the Grasshopper (level 3, -1/31 HPs)
             Began as an Armataur Warper on Mar 22, 2024.
             Killed from afar by an orc wizard (10 damage)
             ... with a puff of flame
             ... on level 3 of the Dungeon.
             The game lasted 00:02:40 (1897 turns).

cdecastro the Grasshopper (Armataur Warper)         Turns: 1897, Time: 00:02:41

Health: -1/31      AC:  7    Str: 16    XL:     3   Next: 85%
Magic:  5/5        EV:  7    Int: 15    God:
Gold:   243        SH:  0    Dex:  9    Spells: 5/5 levels left

rFire   . . .        a - +0 mace
rCold   . . .        (no shield)
rNeg    . . .        v - +0 scale mail
rPois   .            s - +0 helmet
rElec   .            (no cloak)
rCorr   .            (no gloves)
SInv    .            (no barding)
Will    .....        j - amulet of the acrobat Stlth
                     (no ring)
HPRegen 0.25/turn    (no ring)
MPRegen 1.08/turn

%: acrobat, roll
@: confused, lethally poisoned (-1 -> -6)
A: large, deformed body, tough skin 3, armoured tail, roll 1
a: no special abilities


You were on level 3 of the Dungeon.
You visited 1 branch of the dungeon, and saw 3 of its levels.

You collected 243 gold pieces.

Inventory:

Hand Weapons
 a - a +0 mace (weapon)
Missiles
 d - 7 darts of dispersal (quivered)
 p - 15 poisoned darts
Armour
 q - a +0 ring mail
 r - a +0 kite shield
 s - a +0 helmet (worn)
 v - a +0 scale mail (worn)
Jewellery
 j - an amulet of the acrobat (around neck)
Scrolls
 c - 2 scrolls of blinking
 f - a scroll of brand weapon {unknown}
 g - a scroll of acquirement {unknown}
 h - 3 scrolls of identify {unknown}
 l - 3 scrolls of fear {unknown}
 n - 2 scrolls of amnesia {unknown}
 t - a scroll of teleportation {unknown}
 u - a scroll of enchant armour {unknown}
Potions
 b - a potion of enlightenment {unknown}
 e - a potion of lignification {unknown}
 i - 4 potions of curing {unknown}
 k - 2 potions of might {unknown}
 m - a potion of resistance {unknown}
 o - 2 potions of degeneration {unknown}


   Skills:
 * Level 3.3 Fighting
 - Level 1.7 Maces & Flails
 - Level 0.8 Throwing
 - Level 1.2 Armour
 - Level 1.3 Dodging
 - Level 1.7 Spellcasting
 + Level 3.6 Translocations


You had 5 spell levels left.
You didn't know any spells.
Your spell library contained the following spells:

 Spells                   Type           Power      Damage    Failure   Level
 Blink                    Tloc           24%        N/A       28%         2
 Lesser Beckoning         Tloc           24%        N/A       28%         2
 Teleport Other           Tloc           12%        N/A       50%         3
 Manifold Assault         Tloc           12%        N/A       88%         4
 Vhi's Electric Charge    Tloc/Air       12%        N/A       98%         4


Dungeon Overview and Level Annotations

Branches:
Dungeon (3/15)

Altars:
Fedhas

Annotations:
D:3 1 runed translucent door, Crazy Yiuf


Innate Abilities, Weirdness & Mutations

Armour fits poorly on your strangely shaped body.
You have extremely tough skin. (AC +3)
You have a long armoured tail.
You regenerate magic when rolling toward enemies. (Rampage MPRegen)


Message History

An orc wizard comes into view. It is wielding a +0 dagger.
You roll towards the orc wizard!
An orc comes into view. It is wielding a +0 morningstar.
An orc comes into view. It is wielding a +0 flail of draining.
The orc wizard shouts!
The orc shouts!
An orc comes into view. It is wielding a +0 dagger of venom.
You roll towards the orc wizard!
A hobgoblin comes into view.
The orc wizard casts a spell at you. The puff of flame misses you.
You hit the orc wizard.
Your tail-slap misses the orc wizard.
The orc wizard is moderately wounded.
The orc wizard casts a spell at you.
You are confused.
You miss the orc wizard.
The orc wizard is moderately wounded.
The orc closely misses you.
The orc wizard hits you but does no damage.
Unknown command.
You hit the orc wizard but do no damage.
The orc wizard is moderately wounded.
The orc hits you with a +0 morningstar.
The orc hits you with a +0 dagger of venom.
The orc wizard points at you and mumbles some strange words.
The magic dart hits you.
The orc wizard points at you and mumbles some strange words.
You are more confused.
The orc hits you with a +0 dagger of venom.
You are poisoned.
You bump into the rock wall.
You feel sick. The orc wizard barely misses you.
The orc hits you with a +0 dagger of venom.
* * * LOW HITPOINT WARNING * * *
The orc wizard casts a spell.
The orc wizard flickers and vanishes!
Deactivating autopickup; reactivate with Ctrl-A.
Unknown command.
You bump into the rock wall.
You feel sick. The orc wizard casts a spell at you. The puff of flame hits you!
You die...

#.# .# #.# .# ### #.#
.### ..# ######.. ...####
..# #####...##.# .......
..# #...#[#..#.# g......
..# #..._...#.##o......
..# #..#.#.....@oo.....
..# #.......####{......
.## #...........o......
## ####.###.###.###### #
####.###.###.# #
#..........#.## ##
######........# .#
#........#.#..# #.# +#
#..........#..#########.#


You could see an orc wizard, 3 orcs and a hobgoblin.

Vanquished Creatures
  2 adders
  2 dart slugs (D:2)
  2 ribbon worms (D:3)
  5 orcs (D:3)
  An endoplasm (D:1)
  A giant cockroach (D:3)
  2 goblins (D:3)
  4 quokkas
  2 ball pythons
  2 bats
  3 frilled lizards
  4 kobolds
  2 rats (D:3)
32 creatures vanquished.

Notes
Turn   | Place    | Note
-------+----------+-------------------------------------------
     0 | D:1      | cdecastro the Armataur Warper began the quest for the Orb.
     0 | D:1      | Reached XP level 1. HP: 17/17 MP: 3/3
   697 | D:2      | Reached XP level 2. HP: 15/25 MP: 4/4
  1138 | D:3      | Reached XP level 3. HP: 27/30 MP: 5/5
  1702 | D:3      | Found a runed translucent door.
  1703 | D:3      | Noticed Crazy Yiuf
  1883 | D:3      | Found a blossoming altar of Fedhas.
  1897 | D:3      | Killed from afar by an orc wizard

Illustrated notes

Levels and vault maps discovered:
D:1:      amcnicky_arrival_double_pillar, layout_basic,
          chequers_hall_statues_corner_a
D:2:      layout_basic
D:3:      layout_basic, lemuel_crystal_altar, minmay_randomly_rotated_circles,
          uniq_crazy_yiuf_cottage

Skill      XL: |  1  2  3 |
---------------+----------+-----
Fighting       | 2 3 |  3.3
Maces & Flails | |  1.7
Throwing       | |  0.8
Armour         | |  1.2
Dodging        | |  1.3
Spellcasting   | |  1.7
Translocations | |  3.6

Action                     || total
---------------------------++-------
  Melee: Mace              ||   110
         Tailslap          ||    12
         Punch             ||     1
 Armour: Leather armour    ||    21
         Ring mail         ||    38
         Scale mail        ||    24
  Dodge: Dodged            ||    63
